[Event "FRA-ch Youth U20 2019"]
[Site "Hyeres"]
[Date "2019.04.14"]
[Round "1.1"]
[White "Laurent-Paoli, Pierre"]
[Black "Bremond, Abel"]
[Result "1-0"]
[ECO "A80"]
[WhiteElo "2352"]
[BlackElo "1847"]
[Annotator "NA"]
[PlyCount "47"]
[EventDate "2019.04.14"]
[EventType "swiss"]
[EventCountry "FRA"]
[SourceTitle "playchess.com"]
[Source "ChessBase"]
[SourceQuality "1"]
[TimeControl "5400+30"]

1. d4 f5 2. Bg5 h6 3. Bh4 g5 4. e4 Rh7 5. Qh5+ Rf7 6. Bxg5 hxg5 7. Nf3 fxe4 8. Nxg5 Nh6 9. Nc3 e6 10. O-O-O d5 11. f3 e3 12. Bb5+ Nc6 13. Rhe1 Be7 14. f4 Bxg5 15. fxg5 Ng8 16. Rxe3 Kf8 17. g6 Rf5 18. g7+ Kxg7 19. Rg3+ Kf8 20. Qh8 Ke7 21. Rxg8 Rf8 22. Qg7+ Rf7 23. Qg5+ Kd7 24. Rxd8# 1-0

[Event "FRA-ch Youth U20 2019"]
[Site "Hyeres"]
[Date "2019.04.14"]
[Round "1.2"]
[White "Junger, Quentin"]
[Black "Philippe, Guillaume"]
[Result "0-1"]
[ECO "A46"]
[WhiteElo "1770"]
[BlackElo "2352"]
[Annotator "NA"]
[PlyCount "78"]
[EventDate "2019.04.14"]
[EventType "swiss"]
[EventCountry "FRA"]
[SourceTitle "playchess.com"]
[Source "ChessBase"]
[SourceQuality "1"]
[TimeControl "5400+30"]

1. d4 Nf6 2. Bg5 e6 3. e4 h6 4. Bxf6 Qxf6 5. Nf3 d6 6. Bd3 g6 7. O-O Bg7 8. Nc3 O-O 9. Qd2 b6 10. e5 Qd8 11. Ne2 Bb7 12. exd6 cxd6 13. Qf4 Nc6 14. Rad1 Nb4 15. a3 Nxd3 16. Rxd3 Rc8 17. c3 Qc7 18. Ng3 Ba6 19. c4 Qxc4 20. Rc3 Qd5 21. Rfc1 e5 22. dxe5 Rxc3 23. bxc3 dxe5 24. Qa4 Qc4 25. Qd7 e4 26. Nd4 Bc8 27. Qc6 Qxc6 28. Nxc6 Bd7 29. Ne7+ Kh8 30. Nd5 f5 31. Ne2 Be6 32. Ne7 Kh7 33. Nf4 Bf7 34. Nc6 a6 35. Nb4 a5 36. Nc6 Rc8 37. Ne7 Rxc3 38. Rxc3 Bxc3 39. Nc8 b5 0-1

[Event "FRA-ch Youth U20 2019"]
[Site "Hyeres"]
[Date "2019.04.14"]
[Round "1.3"]
[White "Pigeat, Alexandre"]
[Black "Denizet, Briac"]
[Result "1-0"]
[ECO "A52"]
[WhiteElo "2347"]
[BlackElo "1767"]
[Annotator "NA"]
[PlyCount "55"]
[EventDate "2019.04.14"]
[EventType "swiss"]
[EventCountry "FRA"]
[SourceTitle "playchess.com"]
[Source "ChessBase"]
[SourceQuality "1"]
[TimeControl "5400+30"]

1. d4 Nf6 2. c4 e5 3. dxe5 Ng4 4. Nf3 Bc5 5. e3 Nc6 6. a3 Ngxe5 7. Nxe5 Nxe5 8. Be2 a5 9. O-O O-O 10. Nd2 Ra6 11. Nb3 Be7 12. f4 Nc6 13. Bd3 d6 14. Bd2 Bf6 15. Rb1 Re8 16. Qc2 h6 17. Nc1 Ne7 18. Ne2 Bd7 19. Ng3 g6 20. Ne4 Nc8 21. Nxf6+ Qxf6 22. Bc3 Qe7 23. Bxg6 Qxe3+ 24. Kh1 Qe2 25. Bxf7+ Kf8 26. Qg6 Qg4 27. Bg7+ Ke7 28. Qf6# 1-0

[Event "FRA-ch Youth U20 2019"]
[Site "Hyeres"]
[Date "2019.04.14"]
[Round "1.4"]
[White "Creff, Mathis"]
[Black "Eugene, Floryan"]
[Result "0-1"]
[ECO "C44"]
[WhiteElo "1752"]
[BlackElo "2294"]
[Annotator "NA"]
[PlyCount "42"]
[EventDate "2019.04.14"]
[EventType "swiss"]
[EventCountry "FRA"]
[SourceTitle "playchess.com"]
[Source "ChessBase"]
[SourceQuality "1"]
[TimeControl "5400+30"]

1. e4 e5 2. Nf3 Nc6 3. d4 exd4 4. c3 d5 5. exd5 Qxd5 6. cxd4 Nf6 7. Nc3 Bb4 8. a3 Bxc3+ 9. bxc3 O-O 10. Be2 Ne4 11. Qc2 Re8 12. O-O Nxc3 13. Bd3 Ne4 14. Rb1 a6 15. Re1 Bf5 16. Be3 Nd6 17. Bxf5 Nxf5 18. Rxb7 Ncxd4 19. Qxc7 Nxf3+ 20. gxf3 Nh4 21. Rc1 Qxf3 0-1

[Event "FRA-ch Youth U20 2019"]
[Site "Hyeres"]
[Date "2019.04.15"]
[Round "2.4"]
[White "Eugene, Floryan"]
[Black "Gits, Alexis"]
[Result "1-0"]
[ECO "C55"]
[WhiteElo "2294"]
[BlackElo "1945"]
[Annotator "RC"]
[PlyCount "80"]
[EventDate "2019.04.14"]
[EventType "swiss"]
[EventCountry "FRA"]
[SourceTitle "playchess.com"]
[Source "ChessBase"]
[SourceQuality "1"]
[TimeControl "5400+30"]

1. e4 e5 2. Nf3 d6 3. Bc4 Be7 4. O-O Nf6 5. d3 Nc6 6. a4 O-O 7. c3 Bg4 8. h3 Bh5 9. Nbd2 Qd7 10. Re1 Bg6 11. Nf1 Rfe8 12. Ng3 Bf8 13. Nh4 d5 14. exd5 Nxd5 15. Nxg6 hxg6 16. a5 Nf4 17. Qf3 g5 18. Ne4 Qf5 19. a6 Nd8 20. Nxg5 Qxg5 21. Bxf4 Qf6 22. d4 Rb8 23. Bxe5 Qxf3 24. gxf3 bxa6 25. b4 Nc6 26. Rxa6 Nxe5 27. dxe5 c5 28. Rxa7 Re7 29. Rxe7 Bxe7 30. b5 Kf8 31. Ra1 f6 32. f4 g5 33. Ra7 gxf4 34. exf6 Bd6 35. Rg7 Ke8 36. Bd5 Bf8 37. Bc6+ Kd8 38. Rd7+ Kc8 39. Rf7 Bd6 40. c4 Be5 1-0

[Event "FRA-ch Youth U20 2019"]
[Site "Hyeres"]
[Date "2019.04.15"]
[Round "3.1"]
[White "Guerlach, Keigo"]
[Black "Philippe, Guillaume"]
[Result "1/2-1/2"]
[ECO "A31"]
[WhiteElo "2071"]
[BlackElo "2352"]
[Annotator "NA"]
[PlyCount "50"]
[EventDate "2019.04.14"]
[EventType "swiss"]
[EventCountry "FRA"]
[SourceTitle "playchess.com"]
[Source "ChessBase"]
[SourceQuality "1"]
[TimeControl "5400+30"]

1. c4 Nf6 2. Nc3 e6 3. e4 c5 4. Nf3 d6 5. d4 cxd4 6. Nxd4 a6 7. Be2 b6 8. O-O Bb7 9. f3 Be7 10. Be3 O-O 11. Qd2 Nbd7 12. Rfd1 Qc7 13. Rac1 Rac8 14. b3 Rfe8 15. Nc2 b5 16. Bf4 bxc4 $11 17. Bxc4 Ne5 18. Ne3 Red8 19. Na4 Qb8 20. Kh1 Qa7 21. Qa5 Nfd7 22. Nf1 Nc6 23. Qe1 Nce5 24. Qa5 Qf2 25. Bg3 Qa7 1/2-1/2

[Event "FRA-ch Youth U20 2019"]
[Site "Hyeres"]
[Date "2019.04.15"]
[Round "3.2"]
[White "Pigeat, Alexandre"]
[Black "Pillard, Valentin"]
[Result "1-0"]
[ECO "E46"]
[WhiteElo "2347"]
[BlackElo "2093"]
[Annotator "NA"]
[PlyCount "86"]
[EventDate "2019.04.14"]
[EventType "swiss"]
[EventCountry "FRA"]
[SourceTitle "playchess.com"]
[Source "ChessBase"]
[SourceQuality "1"]
[TimeControl "5400+30"]

1. d4 Nf6 2. c4 e6 3. Nc3 Bb4 4. e3 O-O 5. Nge2 c6 (5... Re8 6. a3 Bf8 7. d5 d6 8. g3 exd5 9. cxd5 c5 10. Bg2 Nbd7 11. O-O c4 12. Nd4 Nc5 13. Qe2 Nd3 14. b3 Nxc1 15. Rfxc1 cxb3 {½-½ (74) Caruana,F (2822)-So,W (2780) Saint Louis 2018}) 6. a3 {[%emt 0:00:49] E46: Nimzo-Indian: Rubinstein: 4 e3 0-0 5 Ne2 without early Bd3} Ba5 7. Qc2 d6 8. Ng3 $146 ({Predecessor:} 8. g3 e5 9. Bg2 Re8 10. O-O Nbd7 11. b3 Nf8 12. dxe5 dxe5 13. Bb2 {0-1 (39) Mihajlov,S (2257)-Csonka,A (2339) Bilbao 2014}) 8... e5 9. dxe5 dxe5 10. Bd3 Na6 11. b4 {[%emt 0:00:36] [#]} Bxb4 $1 12. O-O Be7 13. Qe2 (13. Na4 $142) 13... Nc5 14. Bc2 g6 15. Bb2 Bg4 16. f3 Be6 17. f4 Bg4 (17... Qb6 $19 {and Black stays clearly on top.} 18. fxe5 Qxb2 19. exf6 Qxc3 20. fxe7 Rfe8) 18. Qf2 exf4 ({Black should try} 18... Bc8 $17 19. h3 Qb6) 19. Qxf4 Ne6 20. Qf2 Ng7 21. h3 {[%emt 0:02:26] [#]} Be6 $17 22. Nce2 Nfh5 23. Nxh5 Nxh5 24. Nd4 Ng7 25. Rad1 Qb6 26. Bc3 Bxc4 27. Rfe1 Rad8 28. Qf4 Rd5 29. Nf3 Rxd1 30. Rxd1 Be6 31. Bd4 Qa5 32. Rb1 Nf5 33. Rxb7 Bd6 34. Qg5 h6 35. Qf6 Nxd4 36. exd4 Qa6 37. Rb1 Qc8 38. Re1 Bg3 39. Re3 Bf5 40. Bb3 Qd8 41. Bxf7+ Kh7 42. Re7 Qxe7 43. Qxe7 Bd6 1-0

[Event "FRA-ch Youth U20 2019"]
[Site "Hyeres"]
[Date "2019.04.15"]
[Round "3.3"]
[White "Galaud, Vincent"]
[Black "Eugene, Floryan"]
[Result "0-1"]
[ECO "C47"]
[WhiteElo "2035"]
[BlackElo "2294"]
[Annotator "NA"]
[PlyCount "100"]
[EventDate "2019.04.14"]
[EventType "swiss"]
[EventCountry "FRA"]
[SourceTitle "playchess.com"]
[Source "ChessBase"]
[SourceQuality "1"]
[TimeControl "5400+30"]

1. e4 e5 2. Nf3 Nc6 3. Nc3 Nf6 4. d4 exd4 5. Nxd4 Bb4 6. Nxc6 bxc6 7. Bd3 d5 8. exd5 cxd5 9. O-O O-O 10. Bg5 c6 11. Qf3 Bd6 12. h3 Re8 {[%emt 0:04:14] C47: Scotch Four Knights and Four Knights with 4 g3} (12... h6 13. Bf4 Rb8 14. b3 Rb4 15. Bxd6 Qxd6 16. Rfe1 a5 17. Rad1 Bd7 18. Qe3 Rc8 19. Qa7 Rh4 20. Re3 Qc7 21. Qxc7 Rxc7 {½-½ (57) Carlsen,M (2839)-Ding,L (2804) Porto Carras 2018}) 13. Ne2 Be5 14. c3 h6 15. Bf4 $146 ({Predecessor:} 15. Be3 Bd7 16. Ng3 Rb8 17. Rab1 Qc7 18. Rfe1 c5 19. Bd2 Bc6 20. Rxe5 Rxe5 {0-1 (46) Casas Douton,D-Fernandez Garcia,J (2475) Ponferrada 1992}) 15... Qd6 16. Rfe1 Bd7 17. Rad1 Rab8 18. b3 c5 19. Bxe5 Rxe5 20. Ng3 Rbe8 21. Rxe5 Rxe5 22. Bf5 Bc6 23. Qd3 Qe7 24. Qa6 Be8 $11 25. Kh2 g6 26. Bc8 h5 27. Bb7 h4 28. Nf1 Re6 29. Qxa7 Qc7+ 30. Kg1 Rb6 31. Ne3 Qxb7 32. Qxb7 Rxb7 33. Nxd5 Nxd5 34. Rxd5 Rc7 35. Re5 Bd7 36. Re4 Ra7 37. Rxh4 Be6 38. Re4 Rxa2 39. Re5 Ra5 40. c4 Kg7 41. Kh2 Kf6 42. f4 Ra3 43. Rxc5 Rxb3 44. Ra5 Bxc4 45. Ra4 Bb5 46. Ra2 Kf5 47. Rf2 Re3 48. Rb2 Bc4 49. Rf2 Re2 50. Rf3 Bd5 0-1

[Event "FRA-ch Youth U20 2019"]
[Site "Hyeres"]
[Date "2019.04.15"]
[Round "3.4"]
[White "Roque, Gaetan"]
[Black "Roussel, Simon"]
[Result "1-0"]
[ECO "E15"]
[WhiteElo "2029"]
[BlackElo "2126"]
[Annotator "NA"]
[PlyCount "103"]
[EventDate "2019.04.14"]
[EventType "swiss"]
[EventCountry "FRA"]
[SourceTitle "playchess.com"]
[Source "ChessBase"]
[SourceQuality "1"]
[TimeControl "5400+30"]

1. d4 Nf6 2. c4 e6 3. Nf3 b6 4. g3 Ba6 5. Qc2 d5 6. Ne5 dxc4 7. Bg2 Nd5 8. Nc3 c6 9. Ne4 $17 (9. O-O $11 {remains equal.}) 9... Nb4 10. Qb1 Be7 11. a3 Nd5 12. Qc2 b5 13. Bd2 Bb7 14. h4 Nd7 15. Bg5 N7f6 16. O-O Nxe4 17. Bxe7 Qxe7 18. Bxe4 f6 19. Nf3 f5 20. Bxd5 cxd5 21. Qd2 a5 22. Ne5 O-O 23. Qg5 Qxg5 24. hxg5 Bc8 25. Kg2 Ra7 26. Rh1 Bd7 27. Rh2 Be8 28. Rah1 g6 29. f4 Rc7 30. Rc1 Kg7 31. Kf3 Rh8 32. Rh6 b4 33. axb4 axb4 34. b3 c3 35. Nd3 Rb7 36. Nc5 Rb6 37. Ra1 Bf7 38. Ra7 Rhb8 39. Rh1 Rc8 40. Ke3 Rbc6 41. Rha1 Kg8 42. Rb7 Rxc5 43. dxc5 Rxc5 44. Rxb4 c2 45. Rc1 Rc3+ 46. Kd2 Rxg3 47. Rxc2 h5 48. Rc8+ Kg7 49. Rc7 h4 50. Rbb7 h3 51. Rxf7+ Kg8 52. Rfc7 1-0

[Event "FRA-ch Youth U20 2019"]
[Site "Hyeres"]
[Date "2019.04.16"]
[Round "4.1"]
[White "Laronche, Thomas"]
[Black "Pigeat, Alexandre"]
[Result "0-1"]
[ECO "A46"]
[WhiteElo "2107"]
[BlackElo "2347"]
[Annotator "NA"]
[PlyCount "98"]
[EventDate "2019.04.14"]
[EventType "swiss"]
[EventCountry "FRA"]
[SourceTitle "playchess.com"]
[Source "ChessBase"]
[SourceQuality "1"]
[TimeControl "5400+30"]

1. Nf3 Nf6 2. g3 d6 3. d4 Bf5 4. Bg2 Qc8 5. c4 c6 6. Nc3 Bh3 7. Bxh3 Qxh3 8. e4 h6 9. Qe2 Nfd7 10. Be3 e5 11. O-O-O Be7 12. Nh4 g6 13. Nf3 Qe6 14. d5 Qf6 15. Ne1 c5 16. Nd3 a6 17. f4 Qg7 18. fxe5 dxe5 19. Qf2 b6 20. g4 O-O 21. h4 b5 22. b3 bxc4 23. bxc4 Nb6 24. Bxc5 Bxc5 25. Qxc5 N8d7 26. Qd6 Rfd8 27. Nb2 Rac8 28. Rh2 Nxc4 29. Nxc4 Rxc4 30. Rc2 Qf6 31. Qxf6 Nxf6 32. g5 Nxe4 33. Nxe4 Rxe4 34. d6 hxg5 35. hxg5 Rg4 36. Rc6 Rxg5 37. Rxa6 e4 38. Rd4 Re5 39. Kd2 Re6 40. Ke3 f5 41. Rd5 Rd7 42. Rc6 Kf7 43. a4 Kf6 44. a5 g5 45. a6 f4+ 46. Ke2 g4 47. Rb6 e3 48. Rb7 f3+ 49. Ke1 e2 0-1

[Event "FRA-ch Youth U20 2019"]
[Site "Hyeres"]
[Date "2019.04.16"]
[Round "4.2"]
[White "Eugene, Floryan"]
[Black "Roque, Gaetan"]
[Result "1-0"]
[ECO "C41"]
[WhiteElo "2294"]
[BlackElo "2029"]
[Annotator "NA"]
[PlyCount "105"]
[EventDate "2019.04.14"]
[EventType "swiss"]
[EventCountry "FRA"]
[SourceTitle "playchess.com"]
[Source "ChessBase"]
[SourceQuality "1"]
[TimeControl "5400+30"]

1. e4 d6 2. d4 Nf6 3. Nc3 Nbd7 4. Nf3 e5 5. Bc4 Be7 6. a4 c6 7. O-O O-O 8. Re1 a5 9. h3 exd4 10. Qxd4 Nc5 11. Be3 Qc7 12. Rad1 Be6 13. Bf4 Bxc4 14. Qxc5 dxc5 15. Bxc7 Rfc8 16. Bd6 Bxd6 17. Rxd6 Ne8 18. Rd2 Rd8 19. Red1 Rxd2 20. Rxd2 Kf8 21. Ne5 Be6 22. Nd7+ Bxd7 23. Rxd7 b5 24. e5 Rb8 25. Ra7 f6 26. f4 fxe5 27. fxe5 bxa4 28. Nxa4 c4 29. Rxa5 Rb4 30. c3 Rb5 31. Ra6 Rxe5 32. Rxc6 Ke7 33. Rxc4 Kd6 34. b4 Nc7 35. Rd4+ Kc6 36. c4 Ne6 37. b5+ Kc7 38. Rd1 Re4 39. Rc1 Nf4 40. Nc3 Re3 41. Nd5+ Nxd5 42. cxd5+ Kb6 43. d6 Rd3 44. Rc7 g6 45. Rxh7 Rxd6 46. Kf2 Kxb5 47. Rc7 Rd3 48. h4 Ra3 49. g3 Rd3 50. Kg2 Ra3 51. Kh3 Ra4 52. Rg7 Ra6 53. Kg4 1-0

[Event "FRA-ch Youth U20 2019"]
[Site "Hyeres"]
[Date "2019.04.16"]
[Round "4.3"]
[White "Philippe, Guillaume"]
[Black "Naillou, Thomas"]
[Result "1-0"]
[ECO "B20"]
[WhiteElo "2352"]
[BlackElo "1957"]
[Annotator "NA"]
[PlyCount "67"]
[EventDate "2019.04.14"]
[EventType "swiss"]
[EventCountry "FRA"]
[SourceTitle "playchess.com"]
[Source "ChessBase"]
[SourceQuality "1"]
[TimeControl "5400+30"]

1. e4 c5 2. a3 e6 3. b4 cxb4 4. axb4 d5 5. exd5 Qxd5 6. c3 Nf6 7. Nf3 Be7 8. Be2 O-O 9. O-O b6 10. Na3 Nc6 11. Nc4 Bb7 12. d4 Ne4 13. Qd3 f5 14. Ne3 Qd6 15. b5 Na5 16. c4 Rad8 17. Qc2 Rc8 18. Bb2 Qc7 19. Rfc1 g5 20. Ne5 Bd6 21. Bf3 Bxe5 22. dxe5 Nc5 23. Bxb7 Qxb7 24. Rd1 Rfd8 25. Rd6 Ne4 26. Rad1 Nxd6 27. exd6 Rc5 28. Qc3 e5 29. Ba3 Qc8 30. Bxc5 Qxc5 31. Rd5 Qc8 32. c5 f4 33. Qxe5 fxe3 34. Qxg5+ 1-0

[Event "FRA-ch Youth U20 2019"]
[Site "Hyeres"]
[Date "2019.04.16"]
[Round "4.4"]
[White "De Lussac, Rainier"]
[Black "Guerlach, Keigo"]
[Result "1/2-1/2"]
[ECO "D31"]
[WhiteElo "2152"]
[BlackElo "2071"]
[Annotator "NA"]
[PlyCount "65"]
[EventDate "2019.04.14"]
[EventType "swiss"]
[EventCountry "FRA"]
[SourceTitle "playchess.com"]
[Source "ChessBase"]
[SourceQuality "1"]
[TimeControl "5400+30"]

1. d4 d5 2. c4 e6 3. Nc3 c6 4. Nf3 dxc4 5. a4 Bb4 6. e4 b5 7. Bd2 a5 8. axb5 Bxc3 9. bxc3 cxb5 10. Qb1 Bd7 11. Be2 Ne7 12. Bd1 O-O 13. O-O Qb6 14. Ne5 Rc8 15. Bc2 f6 16. Nxd7 Nxd7 17. Be3 Qb7 18. d5 e5 19. Bd1 Nf8 20. f4 exf4 21. Bxf4 Neg6 22. Bg3 Ne5 23. Bxe5 fxe5 24. Bg4 Rcb8 25. Qd1 b4 26. cxb4 axb4 27. Rxa8 Rxa8 28. d6 Rd8 29. d7 Qxe4 30. Rxf8+ Kxf8 31. Qd6+ Kg8 32. Qe6+ Kf8 33. Qd6+ 1/2-1/2

[Event "FRA-ch Youth U20 2019"]
[Site "Hyeres"]
[Date "2019.04.17"]
[Round "5.1"]
[White "Pigeat, Alexandre"]
[Black "Eugene, Floryan"]
[Result "0-1"]
[ECO "A01"]
[WhiteElo "2347"]
[BlackElo "2294"]
[Annotator "NA RC"]
[PlyCount "74"]
[EventDate "2019.04.14"]
[EventType "swiss"]
[EventCountry "FRA"]
[SourceTitle "playchess.com"]
[Source "ChessBase"]
[SourceQuality "1"]
[TimeControl "5400+30"]

1. b3 e5 2. Bb2 Nc6 3. e3 Nf6 4. Ne2 d6 5. Ng3 g6 6. Be2 Bg7 7. O-O h5 8. c4 h4 9. Nh1 Bf5 10. f3 Nh5 11. Nc3 Qg5 12. Nd5 O-O-O 13. b4 Be6 14. Qa4 Kb8 15. Rac1 f5 16. f4 Qh6 17. Nxc7 Kxc7 18. c5 Ng3 19. Bb5 h3 20. cxd6+ Rxd6 21. gxh3 Qxh3 22. Rf2 Nxh1 23. Bxc6 Rxc6 24. Rxc6+ bxc6 25. Qxa7+ Kd8 26. Qb8+ Ke7 27. Qc7+ Kf8 28. Qd6+ Kf7 29. Qc7+ Kg8 30. Qxc6 Nxf2 31. Qxe6+ Kh7 32. Kxf2 Qxh2+ 33. Ke1 Rd8 34. Bc3 Qh4+ 35. Kd1 Qh1+ 36. Kc2 Qe4+ 37. Kb2 Rxd2+ 0-1

[Event "FRA-ch Youth U20 2019"]
[Site "Hyeres"]
[Date "2019.04.17"]
[Round "5.4"]
[White "Afraoui, Anaelle"]
[Black "Roussel, Simon"]
[Result "1/2-1/2"]
[ECO "C66"]
[WhiteElo "2031"]
[BlackElo "2126"]
[Annotator "RC"]
[PlyCount "152"]
[EventDate "2019.04.14"]
[EventType "swiss"]
[EventCountry "FRA"]
[SourceTitle "playchess.com"]
[Source "ChessBase"]
[SourceQuality "1"]
[TimeControl "5400+30"]

1. e4 e5 2. Nf3 Nc6 3. Bb5 Nf6 4. O-O Be7 5. Re1 d6 6. d4 exd4 7. Nxd4 Bd7 8. Nc3 O-O 9. Bxc6 bxc6 10. Qf3 Rb8 11. b3 Re8 12. Bb2 Bf8 13. h3 c5 14. Nf5 g6 15. Ne3 Bg7 16. Ncd5 Nxe4 17. Bxg7 Kxg7 18. Ng4 f5 19. Rxe4 Rxe4 20. Ngf6 Re5 21. Qc3 Kf7 22. f4 Rxd5 23. Nxd5 c6 24. Ne3 Qf6 25. Qxf6+ Kxf6 26. Nc4 Ke7 27. Rd1 Be6 28. Ne3 Rb4 29. g3 Rd4 30. Kf2 Rxd1 31. Nxd1 Bd5 32. Ke3 Be4 33. Kd2 h6 34. h4 Kf6 35. Nb2 Ke6 36. Nc4 Ke7 37. Kc3 Bd5 38. Ne3 Be6 39. Nd1 Kf6 40. Kd3 g5 41. hxg5+ hxg5 42. Ke3 Bd5 43. Nf2 g4 44. Kd3 Bf3 45. Ke3 Ke6 46. c3 Kd7 47. Kd3 Kc7 48. Kd2 Kb6 49. Nd3 Be4 50. Nb2 d5 51. Na4+ Kb5 52. Nb2 Bb1 53. a3 Be4 54. Kc1 c4 55. bxc4+ dxc4 56. Kd2 Kc5 57. Ke3 Bc2 58. Kd2 Bb3 59. Ke2 Kd5 60. Kd2 Ke4 61. Ke2 Bc2 62. Kf2 Bd3 63. Na4 Kd5 64. Ke3 Be4 65. Kd2 Bg2 66. Ke3 Bf1 67. Nb2 Kc5 68. Kf2 Bd3 69. Ke3 Bc2 70. Kd2 Bb3 71. Ke2 Kd6 72. Ke1 Ke6 73. Ke2 Kd5 74. Kd2 Ke4 75. Ke2 Bc2 76. Kf2 Bd3 1/2-1/2

[Event "FRA-ch Youth U20 2019"]
[Site "Hyeres"]
[Date "2019.04.18"]
[Round "6.1"]
[White "Eugene, Floryan"]
[Black "Laurent-Paoli, Pierre"]
[Result "0-1"]
[ECO "B15"]
[WhiteElo "2294"]
[BlackElo "2352"]
[Annotator "NA"]
[PlyCount "94"]
[EventDate "2019.04.14"]
[EventType "swiss"]
[EventCountry "FRA"]
[SourceTitle "playchess.com"]
[Source "ChessBase"]
[SourceQuality "1"]
[TimeControl "5400+30"]

1. e4 c6 2. d4 d5 3. Nc3 dxe4 4. Nxe4 Nf6 5. Nxf6+ exf6 6. c3 Bd6 7. Bd3 O-O 8. Qc2 Re8+ 9. Ne2 h5 10. Be3 Be6 11. Ng3 h4 12. Nf5 Bxf5 13. Bxf5 Bf4 14. O-O-O Bxe3+ 15. fxe3 Qd5 16. Kb1 Rxe3 17. Qf2 Re8 18. g3 h3 19. Bxh3 Nd7 20. Qf5 Nb6 21. Qxd5 Nxd5 22. Rde1 g6 23. Kc2 Kg7 24. Kd3 Rxe1 25. Rxe1 Rh8 26. c4 Nb4+ 27. Kc3 Nxa2+ 28. Kb3 Rxh3 29. Kxa2 Rxh2 30. Re7 Rd2 31. Rxb7 Rxd4 32. Kb3 f5 33. Kb4 Rg4 34. Rc7 Rxg3 35. Rxc6 f4 36. Rd6 f3 37. Rd1 f2 38. Rf1 Rf3 39. c5 Kf6 40. Kb5 Ke7 41. Kc6 g5 42. Kb7 g4 43. c6 g3 44. c7 Rb3+ 45. Kc8 Rb6 46. b4 Rc6 47. Kb7 Rxc7+ 0-1

[Event "FRA-ch Youth U20 2019"]
[Site "Hyeres"]
[Date "2019.04.18"]
[Round "6.2"]
[White "Guerlach, Keigo"]
[Black "Pigeat, Alexandre"]
[Result "0-1"]
[ECO "C00"]
[WhiteElo "2071"]
[BlackElo "2347"]
[Annotator "NA"]
[PlyCount "56"]
[EventDate "2019.04.14"]
[EventType "swiss"]
[EventCountry "FRA"]
[SourceTitle "playchess.com"]
[Source "ChessBase"]
[SourceQuality "1"]
[TimeControl "5400+30"]

1. e4 e6 2. d3 d5 3. Nd2 Nf6 4. Ngf3 Bc5 5. Be2 O-O 6. O-O Nc6 7. c3 Be7 8. e5 Nd7 9. d4 f6 10. exf6 Bxf6 11. Re1 Kh8 12. Bd3 e5 13. dxe5 Bxe5 14. Qc2 h6 15. c4 Qf6 16. cxd5 Nd4 17. Qd1 Bd6 18. Re4 Nxf3+ 19. Qxf3 Qd8 20. Qe2 Nc5 21. Rc4 b5 22. Rxc5 Bxc5 23. Ne4 Bd4 24. Qh5 Qe8 25. Qh4 Bf5 26. Bxh6 gxh6 27. Qxh6+ Kg8 28. Re1 Qg6 0-1

[Event "FRA-ch Youth U20 2019"]
[Site "Hyeres"]
[Date "2019.04.18"]
[Round "6.3"]
[White "Pillard, Valentin"]
[Black "De Lussac, Rainier"]
[Result "0-1"]
[ECO "E10"]
[WhiteElo "2093"]
[BlackElo "2152"]
[Annotator "NA"]
[PlyCount "84"]
[EventDate "2019.04.14"]
[EventType "swiss"]
[EventCountry "FRA"]
[SourceTitle "playchess.com"]
[Source "ChessBase"]
[SourceQuality "1"]
[TimeControl "5400+30"]

1. d4 Nf6 2. c4 e6 3. Nf3 c5 4. d5 b5 5. dxe6 fxe6 6. cxb5 d5 7. Bg5 Nbd7 8. Nc3 Bb7 9. e3 Bd6 10. Be2 O-O 11. O-O Qe8 12. Nh4 Qf7 13. Rc1 Rae8 14. a4 Bb8 15. b3 Kh8 16. Bd3 Ne5 17. Bb1 Nfg4 18. Bf4 Qh5 19. Bg3 Qh6 20. Qe2 g5 21. f4 gxh4 22. Be1 d4 23. Nd1 Nxe3 24. Nxe3 dxe3 25. Qxe3 Ng4 26. Bc3+ Kg8 27. Qxc5 Bxf4 28. Rxf4 Qxf4 29. Bxh7+ Kxh7 30. Qh5+ Qh6 31. Qxh6+ Kxh6 32. Bd2+ Kg6 33. Rc7 Rf7 34. Rc4 Ne5 35. Rxh4 Rd8 36. Bf4 Rd1+ 37. Kf2 Rxf4+ 38. Rxf4 Nd3+ 39. Ke2 Nxf4+ 40. Kxd1 Bxg2 41. Kd2 Kf5 42. a5 Nd5 0-1

[Event "FRA-ch Youth U20 2019"]
[Site "Hyeres"]
[Date "2019.04.18"]
[Round "6.4"]
[White "Philippe, Guillaume"]
[Black "Laronche, Thomas"]
[Result "1-0"]
[ECO "B03"]
[WhiteElo "2352"]
[BlackElo "2107"]
[Annotator "NA"]
[PlyCount "75"]
[EventDate "2019.04.14"]
[EventType "swiss"]
[EventCountry "FRA"]
[SourceTitle "playchess.com"]
[Source "ChessBase"]
[SourceQuality "1"]
[TimeControl "5400+30"]

1. e4 Nf6 2. e5 Nd5 3. d4 d6 4. c4 Nb6 5. f4 dxe5 6. fxe5 Nc6 7. Be3 Bf5 8. Nc3 e6 9. Nf3 Be7 10. Be2 O-O 11. O-O f6 12. exf6 Bxf6 13. Qd2 Bg4 14. Rad1 Bxf3 15. Rxf3 e5 16. d5 Nd4 17. Rh3 Nxe2+ 18. Qxe2 Bg5 19. c5 Nc8 20. Qh5 Bxe3+ 21. Rxe3 Ne7 22. Qxe5 Ng6 23. Qg3 Qd7 24. h3 Rad8 25. Rde1 b6 26. c6 Qc8 27. Re6 Rf7 28. R1e4 Rdf8 29. Kh2 Qd8 30. d6 cxd6 31. Rxd6 Qc8 32. Nd5 Rd8 33. Rxd8+ Qxd8 34. c7 Qc8 35. Qd6 Rf8 36. Ne7+ Nxe7 37. Rxe7 Qf5 38. Rd7 1-0

[Event "FRA-ch Youth U20 2019"]
[Site "Hyeres"]
[Date "2019.04.19"]
[Round "7.1"]
[White "Laurent-Paoli, Pierre"]
[Black "Pigeat, Alexandre"]
[Result "0-1"]
[ECO "D17"]
[WhiteElo "2352"]
[BlackElo "2347"]
[Annotator "NA"]
[PlyCount "88"]
[EventDate "2019.04.14"]
[EventType "swiss"]
[EventCountry "FRA"]
[SourceTitle "playchess.com"]
[Source "ChessBase"]
[SourceQuality "1"]
[TimeControl "5400+30"]

1. d4 d5 2. c4 c6 3. Nf3 Nf6 4. Nc3 dxc4 5. a4 Bf5 6. Ne5 e6 7. f3 Bg6 8. e4 Nbd7 9. Nxc4 Be7 10. Be2 O-O 11. O-O Re8 12. Be3 Qc7 13. Qc1 Rad8 14. Bf4 Qc8 15. a5 Nf8 16. Rd1 N6d7 17. Bd6 Nf6 18. Bxe7 Rxe7 19. Qg5 Qc7 20. Qc5 a6 21. Rac1 h5 22. Qe5 Ne8 23. Na4 Nd6 24. Nxd6 Rxd6 25. b4 Qd8 26. Qc5 f6 27. Nb6 Rf7 28. Bc4 Rc7 29. Bb3 Bf7 30. e5 fxe5 31. dxe5 Rxd1+ 32. Rxd1 Qg5 33. f4 Qxf4 34. Rd8 Be8 35. Rxe8 Rf7 36. Kh1 Qxb4 37. Rxf8+ Rxf8 38. Bxe6+ Kh8 39. Qg1 Re8 40. Bc4 Rxe5 41. Bf1 Rxa5 42. Nc4 Ra1 43. Ne3 Qf4 44. h3 Re1 0-1

[Event "FRA-ch Youth U20 2019"]
[Site "Hyeres"]
[Date "2019.04.19"]
[Round "7.3"]
[White "Caille, Hugo"]
[Black "Philippe, Guillaume"]
[Result "0-1"]
[ECO "E16"]
[WhiteElo "2157"]
[BlackElo "2352"]
[Annotator "NA"]
[PlyCount "98"]
[EventDate "2019.04.14"]
[EventType "swiss"]
[EventCountry "FRA"]
[SourceTitle "playchess.com"]
[Source "ChessBase"]
[SourceQuality "1"]
[TimeControl "5400+30"]

1. d4 Nf6 2. Nf3 e6 3. c4 b6 4. g3 Bb7 5. Bg2 Bb4+ 6. Bd2 Be7 7. O-O O-O 8. Nc3 Qc8 9. b3 c5 10. Rc1 cxd4 11. Nxd4 Bxg2 12. Kxg2 Qb7+ 13. f3 d6 14. Nc2 a6 15. e4 Nc6 16. a4 Rfd8 17. Qe2 Rac8 18. Rfd1 Nd7 19. Ne3 Nd4 20. Qf2 Nxb3 21. Rb1 Ndc5 22. Be1 Bg5 23. Ng4 Na5 24. h4 Be7 25. Nd5 Nxc4 26. Nxb6 Nxb6 27. a5 Nxe4 28. Qxb6 Qxb6 29. axb6 Nc5 30. Bf2 Nb7 31. Rbc1 h5 32. Ne3 d5 33. Nc2 Bc5 34. Nd4 Re8 35. Nb3 Bxf2 36. Kxf2 Kf8 37. Nd4 Ke7 38. Ra1 a5 39. Rdc1 Kd7 40. Nb5 Rc6 41. Nc7 Rb8 42. Na6 Rd8 43. Rcb1 Rc2+ 44. Ke3 Rc4 45. Nc7 Kc6 46. Na6 e5 47. Kd3 Nc5+ 48. Nxc5 Rxc5 49. Re1 f6 0-1